 Dungeon Crawl Stone Soup version 0.16.1-28-gcc2312f (webtiles) character file.

58 sqallbeste the Skirmisher (level 3, -4/30 HPs)
             Began as a Demonspawn Abyssal Knight on June 4, 2015.
             Was a Believer of Lugonu.
             Slain by Sigmund
             ... wielding a +0 scythe
              (6 damage)
             ... on level 2 of the Dungeon.
             The game lasted 00:05:58 (1201 turns).

sqallbeste the Skirmisher (DsAK)                    Turns: 1201, Time: 00:05:58

Health: -4/30      AC: 11    Str: 13    XL:     3   Next: 76%
Magic:  4/4        EV:  9    Int: 11    God:    Lugonu [**....]
Gold:   104        SH:  0    Dex: 12    Spells: 0 memorised, 2 levels left

rFire  . . .     SeeInvis .     a - +1 hand axe
rCold  + . .     Clarity  .     e - +1 storm dragon armour
rNeg   . . .     SustAb   .     (no shield)
rPois  +         Gourm    .     (helmet restricted)
rElec  +         Spirit   .     (no cloak)
rCorr  .         Warding  .     (no gloves)
rMut   .         Stasis   .     (no boots)
MR     .....                    (no amulet)
Stlth  ..........               (no ring)
                                f - ring of poison resistance

@: not resistant to hostile enchantments, extremely unstealthy
A: horns 1, repulsion field 2, cold resistance 1, dopey 1
a: Depart the Abyss, Bend Space, Renounce Religion


You were on level 2 of the Dungeon.
You worshipped Lugonu.
Lugonu was pleased with you.
You were not hungry.

You visited 1 branch of the dungeon, and saw 2 of its levels.
You visited the Abyss 1 time.

You collected 104 gold pieces.

Inventory:

Hand weapons
 a - a +1 hand axe (weapon)
Armour
 b - a +0 leather armour
 e - a +1 storm dragon armour (worn)
Jewellery
 f - a ring of poison resistance (left hand)
Scrolls
 h - 2 scrolls of remove curse
Comestibles
 c - a bread ration
 d - a royal jelly
 g - a meat ration


   Skills:
 + Level 4.0 Fighting
 * Level 2.6 Axes
 + Level 2.1 Armour
 - Level 0.8 Dodging
 - Level 2.4 Invocations


You had 2 spell levels left.
You didn't know any spells.

Dungeon Overview and Level Annotations

Branches:
Dungeon (2/15)

Altars:

Annotations:
D:2 Sigmund


Innate Abilities, Weirdness & Mutations

You are surrounded by a moderate repulsion field (EV +3).
You have a pair of small horns on your head.
Your flesh is cold resistant.
You are dopey. (Int -2)


Message History

* * * LOW HITPOINT WARNING * * *
Something hits you but does no damage.
You hit something. You miss something. You headbutt something!
Something hits you but does no damage.
You barely miss something.
You hear some strange, mumbled words.
Something tries to affect you, but you resist.
You closely miss something.
You hear some strange, mumbled words.
Something tries to affect you, but you resist.
You closely miss something. Something hits you but does no damage.
You closely miss something. You headbutt something.
You hear some strange, mumbled words.
Something tries to affect you, but you resist.
You hit something. Your headbutt misses something.
Something hits you but does no damage.
You barely miss something. You barely miss something.
Your headbutt misses something. Something hits you.
You die...

#.# #.#### #.#
#..... #†#######
####.. #.......#
#.# # #######.# #.#
.. #.# #.###.# #.#
#.....
###.######.#.#####.
#....@.............
#.######.###.#####.
#.. #...# # #..
#....# ##. #......
. #..?...# .
#......# #......#
####...


There were no monsters in sight!

Vanquished Creatures
  Jessica (D:2)
  A worm (D:2)
  A giant gecko (D:1)
  2 giant cockroaches (D:1)
  7 hobgoblins (D:1)
  9 jackals (D:1)
  A ball python (D:1)
  3 bats (D:1)
  A giant newt (D:1)
  A goblin (D:1)
  4 kobolds
  A rat (D:1)
32 creatures vanquished.

Notes
Turn   | Place    | Note
--------------------------------------------------------------
     0 | Abyss:1  | sqallbeste, the Demonspawn Abyssal Knight, began the quest for the Orb.
     0 | Abyss:1  | Reached XP level 1. HP: 18/18 MP: 1/1
     0 | Abyss:1  | Found a corrupted altar of Lugonu.
    22 | D:1      | Escaped the Abyss
   185 | D:1      | Gained mutation: You are surrounded by a mild repulsion field (EV +2). [demonic ancestry]
   185 | D:1      | Reached XP level 2. HP: 14/24 MP: 2/2
   606 | D:1      | Gained mutation: You are surrounded by a moderate repulsion field (EV +3). [demonic ancestry]
   606 | D:1      | Reached XP level 3. HP: 20/30 MP: 4/4
   606 | D:1      | Acquired Lugonu's second power
   960 | D:2      | Noticed Jessica
   968 | D:2      | Killed Jessica
   973 | D:2      | Gained mutation: Your flesh is cold resistant. [potion of mutation]
   973 | D:2      | Gained mutation: You are dopey. (Int -2) [potion of mutation]
   973 | D:2      | Gained mutation: You have a pair of small horns on your head. [potion of mutation]
  1137 | D:2      | Reached skill level 4 in Fighting
  1166 | D:2      | Noticed Sigmund
  1192 | D:2      | HP: 1/30 [something/magic dart (10)]
  1201 | D:2      | Slain by Sigmund

Action                   || total
-------------------------++-------
Melee: Hand axe          ||   100
  Use: Scroll            ||     5
       Potion            ||     5
  Eat: Bread ration      ||     1
